 Dungeon Crawl Stone Soup version 0.20-a0-435-gf4ea4dd (webtiles) character file.

525067 Kriby the Slayer (level 24, 0/221 HPs)
             Began as a Mummy Fighter on Jan 4, 2017.
             Was the Champion of Ashenzari.
             Slain by a death ooze (3 damage)
             ... created by the Royal Jelly
             ... on level 5 of the Pits of Slime on Jan 5, 2017.
             The game lasted 02:54:34 (66046 turns).

Kriby the Slayer (Mummy Fighter)                   Turns: 66046, Time: 02:54:35

Health: 0/221      AC:  6    Str: 22 (24) XL:     24   Next: 77%
Magic:  0/53       EV: 31    Int:  9      God:    Ashenzari [******]
Gold:   4651       SH:  0    Dex: 21 (24) Spells: 32/48 levels left

rFire  . . .     SeeInvis +     k - +4 lajatang (flame) (curse)
rCold  + . .     Gourm    .     u - +4 moon troll leather armour {Spirit, Regen++ MP+5} (curse)
rNeg   + + +     Faith    .     (shield currently unavailable)
rPois  ∞         Spirit   +     H - +0 mask of the Dragon {MR+ Slay+3 SInv} (curse)
rElec  .         Reflect  .     h - +2 cloak {MR+} (curse)
rCorr  +         Harm     .     n - +2 pair of gloves (curse)
MR     +++++     Clarity  +     l - +0 pair of boots (curse)
Stlth  +++++.....               i - amulet of guardian spirit (curse)
                                e - ring of Duutz {MP+9 Str+4 Dex+4}
                                K - ring of Xareckeder {rCorr rF+}

@: corroded, studying Short Blades
A: no food or potions, fire vulnerability, cold resistance 1, negative energy
resistance 3, torment resistance, unbreathing, in touch with death 1
}: 2/15 runes: serpentine, barnacled
a: Curse Item, Scrying, Transfer Knowledge, Renounce Religion


You were on level 5 of the Pits of Slime.
You worshipped Ashenzari.
Ashenzari was exalted by your worship.
You were not hungry.

You visited 10 branches of the dungeon, and saw 47 of its levels.
You also visited: Labyrinth and Sewer.

You collected 6097 gold pieces.
You spent 1446 gold pieces at shops.

Inventory:

Hand Weapons
 g - the cursed +13 scythe of Curses {drain, *Curse}
   (You took it off a deep elf high priest on level 3 of the Elven Halls)

   A truly terrible weapon, it drains the life of those it strikes.
   It may re-curse itself when equipped.
   It has a curse placed upon it.
 k - a cursed +4 lajatang of flaming (weapon)
 R - the +10 morningstar "Eos" {elec, Halo rElec}
   (You took it off a deep elf elementalist on level 3 of the Elven Halls)

   Occasionally, upon striking a foe, it will discharge some electrical energy
   and cause terrible harm.
   It insulates you from electricity.
Missiles
 a - 18 steel javelins
 p - 4 javelins of returning
 A - 8 silver javelins
 F - 49 poisoned javelins
 I - 13 javelins
 V - 14 javelins of penetration (quivered)
Armour
 b - a +2 pair of boots
 h - a cursed +2 cloak of magic resistance (worn)
 l - a cursed +0 pair of boots (worn)
 n - a cursed +2 pair of gloves (worn)
 u - the cursed +4 moon troll leather armour (worn) {Spirit, Regen++ MP+5}
   (You bought it in a shop on level 10 of the Dungeon)

   It affects your magic capacity (+5).
   It increases your rate of regeneration.
   It has a curse placed upon it.
 x - +0 fire dragon scales
 H - the cursed +0 mask of the Dragon (worn) {MR+ Slay+3 SInv}
   (You found it in a labyrinth)

   It affects your accuracy and damage with ranged weapons and melee attacks
   (+3).
   It affects your resistance to hostile enchantments.
   It lets you see invisible.
   It has a curse placed upon it.
 J - a +0 shield of reflection
 M - the +3 large shield "Puna" {Str+7 Int-5 Dex+2}
   (You found it on level 4 of the Shoals)

   It affects your strength (+7).
   It affects your intelligence (-5).
   It affects your dexterity (+2).
Jewellery
 e - the ring of Duutz (right hand) {MP+9 Str+4 Dex+4}
   (You took it off a merfolk on level 4 of the Shoals)

   [ring of magical power]

   It affects your strength (+4).
   It affects your dexterity (+4).
   It affects your magic capacity (+9).
 i - a cursed amulet of guardian spirit (around neck)
 K - the ring of Xareckeder (left hand) {rCorr rF+}
   (You took it off a deep elf elementalist on level 3 of the Elven Halls)

   [ring of resist corrosion]

   It protects you from fire.
 O - an uncursed ring of resist corrosion
 S - the ring of Funacou {*Drain rC+ MR+ Int+4 Dex+3}
   (You took it off Jory on level 1 of the Crypt)

   [ring of protection from magic]

   It affects your intelligence (+4).
   It affects your dexterity (+3).
   It protects you from cold.
   It affects your resistance to hostile enchantments.
   It causes draining when unequipped.
 W - the ring "Lipn" {rPois MR- Int+4 Dex+5}
   (You found it on level 6 of the Lair of Beasts)

   [ring of dexterity]

   It affects your intelligence (+4).
   It affects your dexterity (+5).
   It protects you from poison.
   It affects your resistance to hostile enchantments.
 X - the amulet of Gyerch {RegenMP rPois SInv}
   (You found it on level 6 of the Lair of Beasts)

   [amulet of magic regeneration]

   It increases your magic regeneration.
   It protects you from poison.
   It lets you see invisible.
Wands
 c - a wand of iceblast (4/15)
 q - a wand of disintegration (7/24)
 z - a wand of scattershot (4/9)
 B - a wand of digging (10/24)
 L - a wand of lightning (8/15)
 U - a wand of acid (2/15)
Scrolls
 d - 6 scrolls of magic mapping
 f - 5 scrolls of fog
 j - a scroll of silence
 m - 11 scrolls of teleportation
 o - 16 scrolls of identify
 r - 8 scrolls of amnesia
 t - 15 scrolls of remove curse
 v - 3 scrolls of blinking
 D - a scroll of torment
 E - 6 scrolls of enchant armour
 N - a scroll of recharging
 T - 4 scrolls of fear
 Y - a scroll of brand weapon
Books
 s - a book of Air

   Spells                             Type                      Level
   a - Shock                          Conjuration/Air              1
   b - Swiftness                      Charms/Air                   2
   c - Repel Missiles                 Charms/Air                   2
   d - Static Discharge               Conjuration/Air              3
   e - Lightning Bolt                 Conjuration/Air              5
 w - a book of Transfigurations

   Spells                             Type                      Level
   a - Irradiate                      Conjuration/Transmutation    5
   b - Statue Form                    Transmutation/Earth          6
   c - Hydra Form                     Transmutation                6
   d - Dragon Form                    Transmutation                7
 y - a Grand Grimoire

   Spells                             Type                      Level
   a - Monstrous Menagerie            Summoning                    7
   b - Summon Greater Demon           Summoning                    7
   c - Malign Gateway                 Summoning/Translocation      7
   d - Summon Horrible Things         Summoning                    8
 C - a manual of Short Blades
 G - a book of Minor Magic

   Spells                             Type                      Level
   a - Magic Dart                     Conjuration                  1
   b - Blink                          Translocation                2
   c - Call Imp                       Summoning                    2
   d - Repel Missiles                 Charms/Air                   2
   e - Slow                           Hexes                        2
   f - Conjure Flame                  Conjuration/Fire             3
   g - Mephitic Cloud                 Conjuration/Poison/Air       3
 P - a Young Poisoner's Handbook

   Spells                             Type                      Level
   a - Sting                          Conjuration/Poison           1
   b - Mephitic Cloud                 Conjuration/Poison/Air       3
   c - Olgreb's Toxic Radiance        Poison                       4
   d - Alistair's Intoxication        Transmutation/Poison         5
   e - Venom Bolt                     Conjuration/Poison           5
 Q - a book of Dreams

   Spells                             Type                      Level
   a - Ensorcelled Hibernation        Hexes/Ice                    2
   b - Silence                        Hexes/Air                    5
   c - Darkness                       Hexes                        6
   d - Shadow Creatures               Summoning                    6
 Z - a book of Enchantments

   Spells                             Type                      Level
   a - Cause Fear                     Hexes                        4
   b - Yara's Violent Unravelling     Hexes/Transmutation          5
   c - Silence                        Hexes/Air                    5
   d - Deflect Missiles               Charms/Air                   6
   e - Discord                        Hexes                        8


   Skills:
 - Level 25.6 Fighting
   Level 3.3 Axes
 - Level 18.2(23.1) Staves
 + Level 0.0 Throwing
 - Level 11.0 Armour
 - Level 17.1(20.9) Dodging
 - Level 6.5(11.0) Stealth
 - Level 3.5 Shields
 - Level 12.6 Spellcasting
 - Level 4.0 Translocations
 - Level 6.1 Poison Magic


You had 32 spell levels left.
You knew the following spells:

 Your Spells              Type           Power        Failure   Level  Hunger
a - Blink                 Tloc           N/A          4%          2    N/A
b - Repel Missiles        Chrm/Air       #.....       21%         2    N/A
c - Olgreb's Toxic Radia  Pois           ###.....     12%         4    N/A
d - Shadow Creatures      Summ           N/A          100%        6    N/A
e - Swiftness             Chrm/Air       #.......     21%         2    N/A

Dungeon Overview and Level Annotations

Branches:
Dungeon (15/15)            Temple (0/1) D:5            Lair (6/6) D:8
 Shoals (4/4) Lair:2        Snake (4/4) Lair:3        Slime (5/5) Lair:5
    Orc (2/2) D:10            Elf (3/3) Orc:2        Vaults (4/5) D:14
  Crypt (3/3) Vaults:2       Tomb (0/3) Crypt:3      Depths (1/5) D:15

Altars:
Ashenzari
Cheibriados
Dithmenos
Elyvilon
Fedhas
Hepliaklqana
Kikubaaqudgha
Qazlal
Sif Muna
Uskayaw
Vehumet
Xom
Yredelemnul
The Shining One
Jiyva

Shops:
D:4 %   D:10 [   D:11 (   D:14 *   D:15 !   Orc:2 ?!}*:   Elf:2 }   Shoals:3 :
Snake:4 *}   Vaults:4 (

Portals:
Hell: Depths:1
Pandemonium: Depths:1
Trove: Vaults:1 (give 6 scrolls of blinking)

Annotations:
Slime:5 Royal Jelly
Elf:2 3 runed doors
Elf:3 1 exclusion
Vaults:2 exclusion: 2 doors, Mennas


Innate Abilities, Weirdness & Mutations

You do not eat or drink.
Your flesh is vulnerable to fire.
You are immune to poison.
Your flesh is cold resistant. (rC+)
You are immune to negative energy. (rN+++)
You are immune to unholy pain and torment.
You can survive without breathing.
You are in touch with the powers of death.


Message History

You hit the death ooze. You burn the death ooze.
The death ooze is moderately damaged.
The Royal Jelly closely misses you. The Royal Jelly hits you!
* * * LOW HITPOINT WARNING * * *
You are splashed with acid!
The acid burns!
You resist.
* * * LOW HITPOINT WARNING * * *
The death ooze misses you. The death ooze completely misses you.
The Royal Jelly completely misses you.
The Royal Jelly hits you but does no damage.
There is a stone staircase leading up here.
The Royal Jelly hits you!!!
* * * LOW HITPOINT WARNING * * *
The acid corrodes you!
You are splashed with acid!
The acid burns!
You resist.
* * * LOW HITPOINT WARNING * * *
The Royal Jelly hits you!!
* * * LOW HITPOINT WARNING * * *
You are splashed with acid!
The acid burns!
You resist.
* * * LOW HITPOINT WARNING * * *
The death ooze misses you. The death ooze hits you.
You die...

......................(.(..... ,
..............................,,
........................(.....,,,
.............................. ,,
.............................., ,
..............................
*............................. **
.............J............,** **
,.##........@J............*
,**##................##### * **
##............#### ##.....#....##
###....##### ######


You could see the Royal Jelly and a death ooze.

Vanquished Creatures
  Mara (Depths:1)
  2 ancient liches (Crypt:3)
  Boris (Vaults:4)
  Saint Roka (Snake:4)
  Xtahua (Vaults:2)
  Bai Suzhen (D:15)
  Vashnia (Snake:4)
  A bone dragon (Crypt:3)
  Jory (Crypt:1)
  Rupert (Snake:1)
  A deep elf blademaster (Elf:3)
  5 liches
  4 deep elf master archers (Elf:3)
  18 acid blobs
  4 krakens (Shoals:2)
  3 ancient champions (Crypt:2)
  2 sphinxes
  3 revenants
  Roxanne (D:15)
  5 azure jellies
  Gastronok (D:11)
  8 nagarajas
  Donald (Elf:3)
  7 deep elf sorcerers
  2 fire giants (Depths:1)
  Ilsuiw (Shoals:4)
  Louise (Elf:2)
  2 curse skulls
  11 vault wardens
  5 deep elf elementalists (Elf:3)
  Aizul (Vaults:2)
  3 ghouls (Crypt:1)
  An orc warlord (Orc:1)
  16 ironheart preservers
  8 stone giants
  3 war gargoyles (Crypt:3)
  13 very ugly things
  An entropy weaver (Vaults:4)
  11 vampire knights
  The ghost of spanner the Severer, a journeyman HOBe of Trog (Lair:6)
  The ghost of lupus83 the Unseen, a journeyman SpEn of Dithmenos (Shoals:3)
  7 deep elf annihilators
  5 eidola
  A quicksilver dragon zombie (Crypt:3)
  4 deep elf death magi
  4 death oozes
  7 merfolk impalers
  6 merfolk javelineers (Shoals:4)
  A minotaur (Lab)
  3 fire dragons
  16 jiangshi
  4 yaktaur captains
  2 ettins (Depths:1)
  Fannar (D:11)
  6 deep elf high priests (Elf:3)
  10 great orbs of eyes
  3 ice dragons
  15 ogre magi
  Erolcha (D:10)
  15 vault guards
  20 naga warriors
  4 hydras
  2 rakshasas
  Harold (Lair:2)
  14 anacondas
  Erica (D:10)
  9 centaur warriors
  An alligator snapping turtle (Shoals:4)
  5 death knights
  9 merfolk avatars
  50 two-headed ogres
  7 tengu warriors
  A deep troll shaman (Vaults:2)
  2 satyrs
  3 merfolk aquamancers
  19 dancing weapons
  8 shock serpents
  4 deep troll earth magi (Depths:1)
  Urug (D:10)
  2 titan zombies
  Sonja (Lair:1)
  11 vampire magi
  14 naga sharpshooters
  A sixfirhy (Depths:1)
  2 shadow wraiths
  Nergalle (D:9)
  10 deep elf knights
  6 salamander mystics (Snake:4)
  40 skeletal warriors
  18 deep trolls
  2 unseen horrors
  A glowing orange brain (shapeshifter) (Depths:1)
  An iron troll (Orc:1)
  2 cherubim (D:15)
  17 hell knights
  4 wizards
  A flayed ghost (Vaults:2)
  23 sea snakes
  A spark wasp zombie (Crypt:2)
  A glowing orange brain (Depths:1)
  16 deep elf archers
  13 orc knights
  9 naga ritualists
  6 ironbrand convokers
  52 deep elf magi
  A wolf spider zombie (D:15)
  18 phantasmal warriors
  3 necromancers
  12 mana vipers
  28 harpies
  Pikel (D:8)
  A wolf spider (Vaults:1)
  5 frost giant zombies (Crypt:1)
  8 shining eyes
  8 cyclopes
  4 shadow dragon skeletons
  2 oklob plants (Shoals:4)
  A human zombie (Vaults:3)
  44 ugly things
  15 manticores
  An iron dragon skeleton (Crypt:3)
  3 orc sorcerers (Orc:2)
  2 fire giant zombies (Crypt:1)
  21 salamanders
  A stone giant zombie (Crypt:3)
  9 fauns
  A dire elephant zombie (Crypt:3)
  A stone giant skeleton (Crypt:3)
  17 naga magi
  A rust devil (Depths:1)
  6 guardian serpents
  4 elephants (Lair:6)
  12 merfolk sirens
  A guardian serpent (shapeshifter) (Vaults:1)
  12 vault sentinels
  A torpor snail (Lair:3)
  3 human skeletons (Vaults:3)
  3 smoke demons
  11 water nymphs
  38 black mambas
  An eye of devastation (Slime:5)
  5 gargoyles
  A hellion (Depths:1)
  2 dire elephant skeletons
  An elephant slug zombie (Crypt:1)
  3 rime drakes (Lair:6)
  10 spiny frogs
  6 kobold demonologists
  9 komodo dragons
  34 yaktaurs
  11 freezing wraiths
  3 komodo dragons (shapeshifter)
  2 efreet
  A yellow draconian skeleton (Crypt:2)
  A tengu conjurer (D:15)
  A small abomination (Vaults:2)
  3 red devils (Crypt:3)
  A catoblepas skeleton (Crypt:2)
  A troll (shapeshifter) (Vaults:4)
  A polar bear (Lair:6)
  A merfolk (shapeshifter) (Vaults:3)
  15 trolls
  A hydra zombie (Crypt:3)
  A meliai (shapeshifter) (Vaults:4)
  137 slime creatures
  A raiju (Crypt:1)
  Prince Ribbit (D:5)
  28 merfolk
  A sphinx simulacrum (Vaults:1)
  15 hippogriffs
  7 wind drakes
  A snapping turtle (shapeshifter) (Vaults:4)
  7 snapping turtles
  A fire dragon zombie (Crypt:3)
  3 hornets
  10 dream sheep
  A bog body (Crypt:1)
  8 blink frogs
  17 flying skulls (Crypt:1)
  5 vampires
  5 air elementals
  11 shadows
  10 water elementals
  12 wraiths
  An ettin skeleton (Crypt:3)
  55 yaks
  A redback (Vaults:4)
  6 fire bats (Lair:3)
  An alligator skeleton (Crypt:3)
  5 wyverns
  Grum (D:9)
  2 fire elementals
  20 golden eyes
  4 vampire mosquitoes (D:11)
  2 steam dragons
  6 hungry ghosts
  A chaos spawn (Depths:1)
  74 nagas
  3 soldier ants
  4 wargs
  2 acid dragons
  7 hell hounds (Crypt:1)
  An acid dragon (shapeshifter) (D:14)
  A deep troll skeleton (Crypt:2)
  17 water moccasins
  A floating eye (Slime:4)
  An orb spider zombie (Crypt:2)
  11 porcupines
  A black bear (D:7)
  35 orc warriors
  4 phantoms
  6 sky beasts
  2 slaves (D:8)
  6 eyes of draining
  4 ice beasts
  6 necrophages
  7 boggarts
  54 ogres
  32 centaurs
  A torpor snail zombie (Crypt:2)
  A manticore skeleton (Crypt:3)
  A swamp dragon skeleton (Crypt:3)
  12 wolves
  15 crocodiles
  4 big kobolds
  19 bullfrogs
  A wyvern zombie (D:7)
  5 earth elementals
  2 yak zombies
  8 scorpions
  15 killer bees
  A spectral wolf (Crypt:1)
  7 howler monkeys
  28 wights
  A wolf zombie (Crypt:1)
  3 jellies
  7 crimson imps
  3 centaur zombies
  18 orc priests
  4 bullfrog skeletons
  5 hounds
  28 orc wizards
  5 centaur skeletons
  4 iguanas
  7 worker ants
  4 hell rats (Lair:3)
  A killer bee zombie (D:8)
  A crocodile zombie (Crypt:1)
  2 hound zombies
  A hound skeleton (D:5)
  2 howler monkey zombies
  2 howler monkey skeletons
  A worker ant zombie (D:10)
  23 adders
  5 river rats
  2 shadow imps
  A halfling zombie (Crypt:1)
  An ooze (D:1)
  2 adder skeletons
  2 worms (D:2)
  4 dart slugs
  2 leopard geckos
  81 orcs
  A bat zombie (Crypt:2)
  9 giant cockroaches
  4 goblins
  7 hobgoblins
  25 jackals
  19 kobolds
  5 quokkas
  3 ball pythons (Sewer)
  A ball python zombie (D:5)
  5 bats
  7 frilled lizards
  2 jackal skeletons
  A kobold skeleton (Crypt:1)
  9 rats
  A rat skeleton (Crypt:2)
  A rat zombie (Crypt:1)
  4 plants
  24 tentacles (Shoals:2)
2231 creatures vanquished.

Vanquished Creatures (collateral kills)
  A shock serpent (Snake:4)
1 creature vanquished.

Vanquished Creatures (others)
  A nagaraja (Snake:4)
  A deep elf knight (Elf:2)
  A deep elf mage (Elf:3)
  A harpy (Shoals:4)
  2 nagas
  A centaur (D:15)
  6 fungi
  20 plants
  57 tentacles (Shoals:2)
90 creatures vanquished.

Grand Total: 2322 creatures vanquished

Notes
Turn   | Place    | Note
-------+----------+-------------------------------------------
     0 | D:1      | Kriby the Mummy Fighter began the quest for the Orb.
     0 | D:1      | Reached XP level 1. HP: 18/18 MP: 1/1
   143 | D:1      | Reached XP level 2. HP: 19/24 MP: 2/2
   903 | D:2      | Reached XP level 3. HP: 29/29 MP: 3/3
  1180 | D:2      | Reached XP level 4. HP: 29/36 MP: 4/4
  1859 | D:3      | Found a white marble altar of Elyvilon.
  1860 | D:3      | Found a glowing golden altar of the Shining One.
  1862 | D:3      | Found a shattered altar of Ashenzari.
  1863 | D:3      | Found a hazy altar of Hepliaklqana.
  1863 | D:3      | Found a shimmering altar of Xom.
  1864 | D:3      | Found a deep blue altar of Sif Muna.
  1865 | D:3      | Found a radiant altar of Vehumet.
  1972 | D:3      | Reached skill level 1 in Staves
  1972 | D:3      | Reached XP level 5. HP: 38/42 MP: 5/5
  1994 | D:3      | Reached skill level 4 in Fighting
  2008 | D:3      | Became a worshipper of Ashenzari the Shackled
  2423 | D:4      | Found Batzear's Food Emporium.
  2441 | D:4      | Found a white marble altar of Elyvilon.
  2654 | D:4      | Found a stormy altar of Qazlal.
  2654 | D:4      | Found a hide-covered altar of Uskayaw.
  2655 | D:4      | Found a shadowy altar of Dithmenos.
  2761 | D:4      | Reached XP level 6. HP: 45/49 MP: 6/6
  2833 | D:4      | Reached * piety under Ashenzari
  3086 | D:5      | Entered Level 5 of the Dungeon
  3227 | D:5      | Found a glowing drain.
  3264 | Sewer    | Entered a sewer
  4189 | D:5      | Reached skill level 5 in Fighting
  4189 | D:5      | Reached skill level 1 in Spellcasting
  4367 | D:5      | Found a staircase to the Ecumenical Temple.
  4449 | D:5      | Found a blossoming altar of Fedhas.
  4497 | D:5      | Noticed Prince Ribbit
  4506 | D:5      | Killed Prince Ribbit
  4506 | D:5      | Reached XP level 7. HP: 29/56 MP: 4/10
  4821 | D:5      | Found a basalt altar of Yredelemnul.
  5070 | D:5      | Reached skill level 6 in Fighting
  5206 | D:6      | Reached skill level 1 in Dodging
  5222 | D:6      | Reached XP level 8. HP: 37/64 MP: 8/12
  5585 | D:6      | Reached ** piety under Ashenzari
  6805 | D:7      | Reached skill level 5 in Staves
  7085 | D:7      | Reached XP level 9. HP: 51/69 MP: 9/13
  7604 | D:8      | Noticed Pikel
  7614 | D:8      | Killed Pikel
  7627 | D:8      | Found a staircase to the Lair.
  7681 | D:8      | Reached *** piety under Ashenzari
  7895 | D:8      | Reached XP level 10. HP: 76/76 MP: 14/14
  7966 | D:8      | Noticed a two-headed ogre
  7993 | D:8      | Killed a two-headed ogre
  8588 | D:9      | Reached skill level 10 in Staves
  8844 | D:9      | Noticed Grum
  8874 | D:9      | Killed Grum
  8930 | D:9      | Reached **** piety under Ashenzari
  9092 | D:9      | Noticed a two-headed ogre
  9110 | D:9      | Killed a two-headed ogre
  9110 | D:9      | Reached skill level 7 in Fighting
  9450 | D:9      | Reached skill level 8 in Fighting
  9484 | D:10     | Entered Level 10 of the Dungeon
  9484 | D:10     | Noticed Erica
  9495 | D:10     | Killed Erica
  9495 | D:10     | Reached XP level 11. HP: 61/86 MP: 10/15
  9575 | D:10     | Found a staircase to the Orcish Mines.
  9597 | D:10     | Noticed Nergalle
  9626 | D:10     | Noticed a spectral orc warlord
  9667 | D:10     | Noticed a spectral orc warlord
  9674 | D:9      | Killed Nergalle
  9887 | D:10     | Noticed Erolcha
  9918 | D:10     | Noticed Urug
 10047 | Lair:1   | Entered Level 1 of the Lair of Beasts
 10092 | Lair:1   | Reached skill level 5 in Dodging
 10114 | Lair:1   | Reached skill level 5 in Armour
 10825 | Lair:1   | Noticed Sonja
 10829 | Lair:1   | Killed Sonja
 11056 | Lair:2   | Noticed a four-headed hydra
 11234 | Lair:2   | Killed a four-headed hydra
 11431 | Lair:2   | Found a staircase to the Shoals.
 11448 | Lair:2   | Noticed Harold
 11460 | Lair:2   | Killed Harold
 11489 | Lair:2   | Reached XP level 12. HP: 92/92 MP: 16/16
 11822 | Lair:3   | Reached ***** piety under Ashenzari
 12256 | Lair:3   | Found a staircase to the Snake Pit.
 12716 | Lair:4   | Found a labyrinth entrance.
 12725 | Lab      | Entered a labyrinth
 12897 | Lab      | Noticed a minotaur
 12904 | Lab      | Killed a minotaur
 12915 | Lab      | Identified the cursed +0 hand axe of Rubbish {protect, rC+ Int+4} (You found it in a labyrinth)
 13940 | Lair:5   | Reached skill level 10 in Dodging
 13993 | Lair:5   | Found a staircase to the Slime Pits.
 14064 | Lair:5   | Noticed a five-headed hydra
 14345 | D:10     | Killed Urug
 14562 | D:10     | Found Xoib's Armour Boutique.
 14590 | D:10     | Bought the +4 moon troll leather armour {Spirit, Regen++ MP+5} for 616 gold pieces
 14666 | D:10     | Killed Erolcha
 14802 | Orc:1    | Entered Level 1 of the Orcish Mines
 15165 | Orc:1    | Noticed an orc warlord
 15177 | Orc:1    | Gained mutation: You are in touch with the powers of death. [Mummy growth]
 15177 | Orc:1    | Reached XP level 13. HP: 65/98 MP: 13/17
 15188 | Orc:1    | Killed an orc warlord
 15500 | Orc:1    | Reached ****** piety under Ashenzari
 15603 | Orc:2    | Entered Level 2 of the Orcish Mines
 15941 | Orc:2    | Found a staircase to the Elven Halls.
 16088 | Orc:2    | Found Zathom's Magic Scroll Emporium.
 16103 | Orc:2    | Bought a scroll of identify for 24 gold pieces
 16103 | Orc:2    | Bought a scroll of identify for 24 gold pieces
 16103 | Orc:2    | Bought a scroll of identify for 24 gold pieces
 16103 | Orc:2    | Bought a scroll of remove curse for 36 gold pieces
 16103 | Orc:2    | Bought a scroll of enchant armour for 90 gold pieces
 16103 | Orc:2    | Bought a scroll of remove curse for 36 gold pieces
 16103 | Orc:2    | Bought a scroll of teleportation for 36 gold pieces
 16103 | Orc:2    | Bought a scroll of recharging for 114 gold pieces
 16254 | Orc:2    | Found Ralugu Qaqe's Gadget Shoppe.
 16255 | Orc:2    | Found Vegetoupn's Book Emporium.
 16361 | Orc:2    | Reached skill level 9 in Fighting
 16897 | Orc:2    | Found Lyamot's Distillery.
 16906 | Orc:2    | Found Nyoroarch's General Store.
 16911 | Orc:2    | Reached skill level 10 in Fighting
 16951 | Orc:2    | Bought a scroll of fear for 45 gold pieces
 16951 | Orc:2    | Bought a scroll of teleportation for 39 gold pieces
 17066 | D:11     | Found Posiumej's Antique Weapon Boutique.
 17120 | D:11     | Reached XP level 14. HP: 100/111 MP: 17/18
 17310 | D:11     | Noticed Fannar
 17375 | D:11     | Killed Fannar
 17470 | D:11     | Noticed Gastronok
 17486 | D:11     | Killed Gastronok
 18010 | D:12     | Reached skill level 11 in Fighting
 19164 | D:13     | Reached skill level 10 in Armour
 20040 | D:14     | Reached skill level 12 in Fighting
 20065 | D:14     | Found a gate to the Vaults.
 20428 | D:14     | Found Zirphuq's Assorted Antiques.
 20440 | D:14     | Bought a dented amethyst amulet for 170 gold pieces
 20440 | D:14     | Bought a scroll of remove curse for 102 gold pieces
 20977 | D:15     | Entered Level 15 of the Dungeon
 20977 | D:15     | Found Wiloin's Distillery.
 21150 | D:15     | Reached XP level 15. HP: 56/122 MP: 12/19
 22305 | D:15     | Noticed Roxanne
 22454 | D:15     | Reached skill level 13 in Fighting
 23533 | Lair:6   | Entered Level 6 of the Lair of Beasts
 23535 | Lair:6   | Noticed spanner's ghost (journeyman HOBe)
 23544 | Lair:6   | Killed spanner's ghost
 23873 | Lair:6   | Identified the ring "Lipn" {rPois MR- Int+4 Dex+5}
 23874 | Lair:6   | Identified the amulet of Gyerch {RegenMP rPois SInv}
 24030 | Lair:6   | Reached skill level 5 in Spellcasting
 25107 | Shoals:1 | Entered Level 1 of the Shoals
 25618 | Shoals:1 | Reached XP level 16. HP: 128/131 MP: 29/29
 25858 | Shoals:1 | Reached skill level 10 in Spellcasting
 26871 | Shoals:2 | Noticed a kraken
 26965 | Shoals:2 | Noticed a kraken
 27190 | Shoals:2 | Killed a kraken
 27295 | Shoals:2 | Noticed a kraken
 27309 | Shoals:2 | Learned a level 2 spell: Blink
 27312 | Shoals:2 | Learned a level 2 spell: Repel Missiles
 27333 | Shoals:2 | Killed a kraken
 27429 | Shoals:2 | Noticed a kraken
 27482 | Shoals:2 | Killed a kraken
 28976 | Shoals:2 | Killed a kraken
 29091 | Shoals:2 | Reached skill level 14 in Fighting
 29480 | Lair:6   | Upgraded the game from 0.20-a0-433-g9e36e56 to 0.20-a0-435-gf4ea4dd
 29596 | Shoals:3 | Found Fiaral's Book Shoppe.
 29668 | Shoals:3 | Noticed lupus83's ghost (journeyman SpEn)
 29732 | Shoals:3 | Learned a level 4 spell: Olgreb's Toxic Radiance
 29776 | Shoals:3 | Killed lupus83's ghost
 29776 | Shoals:3 | Reached skill level 1 in Poison Magic
 30271 | Shoals:4 | Entered Level 4 of the Shoals
 30280 | Shoals:4 | Identified the +8 dagger "Atty" {pierce, Str+6}
 30501 | Shoals:4 | Noticed Ilsuiw
 31468 | Shoals:3 | Reached skill level 5 in Poison Magic
 31642 | Shoals:3 | Learned a level 6 spell: Shadow Creatures
 31658 | Shoals:4 | Killed Ilsuiw
 31815 | Shoals:4 | Reached XP level 17. HP: 106/140 MP: 28/33
 31925 | Shoals:4 | Got the uncursed large shield "Puna" {Str+7 Int-5 Dex+2}
 32384 | Shoals:4 | Identified the cursed +1 chain mail "Xonnoorph" {rPois Int+2 Dex-4}
 32707 | Shoals:4 | Identified the ring of Duutz {MP+9 Str+4 Dex+4} (You took it off a merfolk on level 4 of the Shoals)
 32869 | Shoals:4 | Reached skill level 15 in Fighting
 33993 | Shoals:4 | Got a barnacled rune of Zot
 34189 | Shoals:4 | Reached skill level 1 in Translocations
 34509 | Snake:1  | Entered Level 1 of the Snake Pit
 34777 | D:15     | Killed Roxanne
 35049 | D:15     | Found a staircase to the Depths.
 35130 | Depths:1 | Entered Level 1 of the Depths
 35477 | Elf:1    | Entered Level 1 of the Elven Halls
 35781 | Elf:1    | Reached skill level 1 in Stealth
 35878 | Elf:1    | Found a radiant altar of Vehumet.
 36597 | Elf:2    | Reached skill level 5 in Stealth
 36711 | Elf:2    | Noticed Louise
 36790 | Elf:2    | Killed Louise
 36860 | Elf:2    | Reached XP level 18. HP: 149/149 MP: 34/34
 36990 | Elf:2    | Found Jezusk's Gadget Emporium.
 37142 | Elf:2    | Found a runed gate.
 37142 | Elf:2    | Found a runed gate.
 37142 | Elf:2    | Found a runed gate.
 37584 | Elf:3    | Entered Level 3 of the Elven Halls
 38091 | Elf:3    | Identified the +3 large shield "Puna" {Str+7 Int-5 Dex+2} (You found it on level 4 of the Shoals)
 38366 | Elf:3    | Noticed Donald
 38407 | Elf:3    | Killed Donald
 38784 | Elf:3    | Identified the cursed +2 falchion "Deefrecw" {venom, +Fly rN+} (You took it off a deep elf mage on level 3 of the Elven Halls)
 39061 | Elf:3    | Identified the cursed +1 war axe "Ikkuvox" {vamp, Dex+4} (You took it off a deep elf elementalist on level 3 of the Elven Halls)
 39121 | Elf:3    | Reached skill level 15 in Dodging
 39127 | Elf:3    | Identified the ring of Xareckeder {rCorr rF+} (You took it off a deep elf elementalist on level 3 of the Elven Halls)
 39529 | Elf:3    | Identified the +8 morningstar "Piav Kaph" {crush, *Corrode rElec Str+3 Int+2} (You took it off a deep elf annihilator on level 3 of the Elven Halls)
 39646 | Elf:3    | Identified the cursed +0 falchion of Inconvenience {flame, Stlth+}
 39664 | Elf:3    | Identified the Incunabulum of Dislocated Ice
 40059 | Depths:1 | Noticed Bai Suzhen
 40311 | Depths:1 | Reached XP level 19. HP: 139/155 MP: 35/35
 40329 | D:15     | Killed Bai Suzhen
 40413 | Depths:1 | Found a gateway to Hell.
 40511 | Depths:1 | Noticed Mara
 40515 | Depths:1 | Noticed Kriby's illusion
 40838 | Depths:1 | Noticed Kriby's illusion
 41026 | Depths:1 | Identified the +5 spear of the Lurker {elec, rN+} (You took it off a centaur on level 1 of the Depths)
 41108 | Depths:1 | Noticed Kriby's illusion
 41334 | Depths:1 | Noticed Kriby's illusion
 41497 | Depths:1 | Noticed Kriby's illusion
 41595 | Depths:1 | Killed Mara
 42021 | Depths:1 | Found a snail-covered altar of Cheibriados.
 42153 | Depths:1 | Found a one-way gate leading to the halls of Pandemonium.
 43037 | Vaults:1 | Entered Level 1 of the Vaults
 43423 | Snake:1  | Reached skill level 16 in Fighting
 44132 | Snake:1  | Identified the +7 mace of Pomuts {crush, Str+3} (You took it off a naga on level 1 of the Snake Pit)
 44595 | Snake:1  | Noticed Rupert
 44605 | Snake:1  | Killed Rupert
 45135 | Snake:2  | Reached XP level 20. HP: 116/166 MP: 36/36
 45585 | Snake:2  | Reached skill level 17 in Fighting
 46533 | Snake:3  | Learned a level 2 spell: Swiftness
 46909 | Snake:4  | Entered Level 4 of the Snake Pit
 47293 | Snake:4  | Found Cuga's Gadget Emporium.
 47293 | Snake:4  | Found Ehep's General Store.
 47301 | Snake:4  | Bought a scroll of identify for 36 gold pieces
 47301 | Snake:4  | Bought a scroll of teleportation for 54 gold pieces
 47331 | Snake:4  | Noticed Saint Roka
 47384 | Snake:4  | Killed Saint Roka
 47384 | Snake:4  | Reached skill level 18 in Fighting
 47993 | Snake:4  | HP: 6/172 [salamander/glaive (12)]
 47993 | Snake:4  | HP: 1/172 [naga warrior/glaive (5)]
 48489 | Snake:4  | Noticed Vashnia
 48534 | Snake:4  | Killed Vashnia
 49020 | Snake:4  | Reached XP level 21. HP: 147/179 MP: 37/37
 49026 | Snake:4  | Got a serpentine rune of Zot
 49116 | Snake:4  | Reached skill level 19 in Fighting
 49834 | Vaults:1 | Found a portal to a secret trove of treasure.
 51479 | Vaults:2 | Identified the +6 arbalest of Pestilence {venom, Str+4}
 51553 | Vaults:2 | Reached skill level 20 in Fighting
 51557 | Vaults:2 | Reached skill level 15 in Staves
 51982 | Vaults:2 | Noticed Aizul
 52001 | Vaults:2 | Killed Aizul
 52084 | Vaults:2 | Noticed Mennas
 52107 | Vaults:2 | HP: 9/184 [Mennas/eudemon blade of holy wrath (1)]
 52305 | Vaults:2 | Noticed Xtahua
 52322 | Vaults:2 | Killed Xtahua
 53349 | Vaults:2 | Found a staircase to the Crypt.
 53427 | Crypt:1  | Entered Level 1 of the Crypt
 53599 | Crypt:1  | Reached XP level 22. HP: 178/192 MP: 38/38
 53716 | Crypt:1  | Reached skill level 21 in Fighting
 54389 | Crypt:1  | Noticed Jory
 54420 | Crypt:1  | Killed Jory
 54420 | Crypt:1  | Identified the ring of Funacou {*Drain rC+ MR+ Int+4 Dex+3} (You took it off Jory on level 1 of the Crypt)
 54495 | Crypt:1  | Found a basalt altar of Yredelemnul.
 55529 | Crypt:2  | Reached skill level 22 in Fighting
 56192 | Crypt:3  | Entered Level 3 of the Crypt
 56624 | Crypt:3  | Identified the +0 robe "Duathru" {rPois Str+3 Dex+4 Stlth+}
 56627 | Crypt:3  | Identified the +4 chain mail of the Snail {Int+4}
 56722 | Crypt:3  | Found a staircase to the Tomb.
 56946 | Crypt:3  | Identified the Disquisition on Summoning and Ice
 56961 | Crypt:3  | Noticed an ancient lich
 56963 | Crypt:3  | Killed an ancient lich
 57049 | Crypt:3  | Reached XP level 23. HP: 182/205 MP: 39/39
 57387 | Crypt:3  | Found an ancient bone altar of Kikubaaqudgha.
 57533 | Crypt:3  | Noticed an ancient lich
 57545 | Crypt:3  | Killed an ancient lich
 57545 | Crypt:3  | Reached skill level 23 in Fighting
 59714 | Vaults:4 | Found Koagoik's Weapon Shoppe.
 60345 | Vaults:4 | Reached skill level 24 in Fighting
 61134 | Vaults:4 | Noticed Boris
 61144 | Vaults:4 | Killed Boris
 61144 | Vaults:4 | Reached XP level 24. HP: 210/218 MP: 39/39
 62118 | Slime:1  | Entered Level 1 of the Pits of Slime
 63864 | Slime:3  | Reached skill level 25 in Fighting
 64906 | Slime:4  | Paralysed by a floating eye for 4 turns
 65241 | Slime:5  | Entered Level 5 of the Pits of Slime
 65503 | Slime:5  | Found a viscous altar of Jiyva.
 65506 | Slime:5  | Noticed the Royal Jelly
 66046 | Slime:5  | HP: 7/221 [the Royal Jelly (16)]
 66046 | Slime:5  | HP: 3/221 [acid (4)]
 66046 | Slime:5  | Slain by a death ooze

Vault maps used:
D:1:      dpeg_arrival_shrine
D:3:      grunt_temple_overflow_open, first_bread, hangedman_decor_growths
D:4:      gammafunk_temple_overflow_forgotten, serial_shops, shop_statue,
          elyvilon_altar_1
D:5:      kennysheep_little_box, gup_sewer_entry_glass, fedhas_altar_1,
          uniq_prince_ribbit1
D:8:      grunt_lair_entry_orc_guard_hut, serial_undead, serial_undead_f,
          serial_undead_f, serial_undead_d, serial_undead_c, uniq_pikel
D:9:      serial_curves, eino_curves_03, eino_curves_01, eino_curves_04,
          eino_curves_02, uniq_grum
D:10:     orc_0_dummy, serial_shops, shop_statue, uniq_erolcha, uniq_nergalle,
          uniq_erica, uniq_urug
D:11:     serial_shops, shop_statue, uniq_gastronok, uniq_fannar
D:12:     blue_anna_alchemist
D:14:     erik_vaults_2, minmay_holes, serial_shops, shop, minmay_crystal_room
D:15:     grunt_enter_depths_hoard, abandoned_shop, serial_shops,
          nicolae_shop_waterfront, pf_eden, uniq_roxanne
Lair:1:   uniq_sonja
Lair:2:   minmay_shoals_entry_beasts, wad_woods_road_06, uniq_harold
Lair:3:   guppyfry_snake_entry_island, kennysheep_abandoned_house
Lair:4:   lab_entry_generic, infiniplex_staircase_pool
Lair:5:   slime_dummy
Lair:6:   gammafunk_lair_ancient_temple, st_stairs_8, grunt_megastairs_1
Shoals:1: nicolae_shoals_so_close
Shoals:2: nicolae_shoals_kraken_party
Shoals:3: serial_shops, shop
Shoals:4: shoals_end_hangedman, shoals_ilsuiw_alternative,
          nicolae_shoals_this_corrosion
Snake:1:  uniq_rupert
Snake:3:  spider_trap, grunt_megastairs_2
Snake:4:  johnstein_snake_rune_scales, spider_trap, minmay_snake_pond,
          minmay_shoptagon, uniq_saint_roka
Slime:1:  cheibrodos_slime_lost_civilization_2
Slime:2:  cheibrodos_slime_lost_civilization_7
Orc:2:    st_orc_open, serial_shops, shop, nicolae_orc_lava_room
Elf:1:    minmay_elf_arrival_summoners, basic_altar, hangedman_corner_corridor
Elf:2:    serial_shops, nicolae_shop_trees, basic_stair_grate_trap, uniq_louise
Elf:3:    minmay_elf_hall_quartered_circle, minmay_misc_feat_alley, uniq_donald
Vaults:1: nicolae_vaults_triangles, hangedman_vaults_pinch,
          ontoclasm_vaults_ligature, ontoclasm_vaults_chip,
          vaults_mumra_minichess, nicolae_vaults_rhombus_7,
          nicolae_trove_entry_free_sample
Vaults:2: vaults_room_hallway, minmay_crypt_entry_simple_walls,
          nicolae_vaults_yaktaur_gun_rack, nicolae_vaults_little_squares_1,
          v_misc_26, v_misc_29, nicolae_vaults_little_squares_6, uniq_xtahua,
          uniq_aizul, uniq_mennas
Vaults:3: nicolae_vaults_stairing_the_circle,
          hangedman_vaults_stretched_pinwheel, v_alt_pattern_1,
          ontoclasm_vaults_eye, vaults_mumra_chevron,
          vaults_standard_mumra_lines, v_misc_23, vaults_room_corners,
          v_misc_30, nicolae_vaults_circle_grid_b
Vaults:4: v_misc_14, nicolae_vaults_murderbox, nicolae_vaults_gold_heap,
          v_misc_2, hangedman_vaults_maws, vaults_mumra_minichess_inversion,
          v_misc_11, nicolae_vaults_little_squares_6, vaults_room_pool,
          serial_shops, nicolae_shop_temple_entry_statues_fountains, uniq_boris
Crypt:1:  lemuel_vampire_tower
Crypt:2:  minivault_25, grunt_megastairs_3
Crypt:3:  quadcrypt_mu
Depths:1: hell_entry, rand_demon_pan_entry_9, nicolae_water_bricks,
          cheibriados_altar_1, kennysheep_random_hallway, uniq_bai_suzhen,
          uniq_mara
Lab:      nicolae_lab_arrow, lab_hedge, nicolae_lab_statue, nicolae_lab_do_over,
          labyrinth_lava_lair, nicolae_lab_grate, nicolae_lab_diamond,
          labyrinth_skeletal_remains, nicolae_lab_blocks
Sewer:    sewer_co_scattered_pipes

Skill      XL: |  1  2  3  4  5  6  7  8  9 10 11 12 13 14 15 16 17 18 19 20 21 22 23 24 |
---------------+-------------------------------------------------------------------------+-----
Axes           | 2 3 |  3.3
Staves         | 1 2 3 4 5 9 10 11 12 13 14 15 16 17 18 | 18.2
Fighting       | 4 5 6 8 10 12 13 14 15 16 18 20 22 24 25 | 25.6
Spellcasting   | 2 9 12 | 12.6
Dodging        | 1 3 4 7 10 11 12 13 15 17 | 17.1
Armour         | 3 4 6 8 9 10 11 | 11.0
Shields        | 3 |  3.5
Poison Magic   | 5 6 |  6.1
Translocations | 4 |  4.0
Stealth        | 5 6 |  6.5

Action                   |  1- 3 |  4- 6 |  7- 9 | 10-12 | 13-15 | 16-18 | 19-21 | 22-24 || total
-------------------------+-------+-------+-------+-------+-------+-------+-------+-------++-------
Melee: War axe           |   110 |    69 |       |       |       |       |       |       ||   179
       Lajatang          |       |   243 |   342 |   839 |  1617 |  1539 |  2089 |  2243 ||  8912
Throw: Tomahawk          |       |     7 |     2 |       |     2 |       |       |       ||    11
       Javelin           |       |       |       |       |       |     4 |     3 |     3 ||    10
 Cast: Olgreb's Toxic Ra |       |       |       |       |       |    79 |     1 |       ||    80
       Repel Missiles    |       |       |       |       |       |     4 |     5 |       ||     9
       Blink             |       |       |       |       |       |       |     4 |       ||     4
Invok: Curse Item        |       |     2 |     2 |     1 |     1 |       |       |       ||     6
Evoke: Wand              |       |     2 |       |    32 |    22 |    23 |     2 |    15 ||    96
  Use: Scroll            |       |     9 |     4 |    14 |     6 |    17 |    12 |     5 ||    67
 Stab: Sleeping          |       |       |     2 |     2 |     5 |     6 |    28 |    35 ||    78
       Paralysed         |       |       |       |     3 |     1 |       |       |       ||     4
       Distracted        |       |       |       |     1 |       |     5 |     9 |    13 ||    28
Armor: Scale mail        |    53 |    26 |       |       |       |       |       |       ||    79
       Troll leather arm |       |   162 |   153 |   193 |   348 |   381 |   289 |   301 ||  1827
Dodge: Dodged            |    37 |   219 |   264 |   668 |  1635 |  1720 |  2581 |  2273 ||  9397
       Deflected         |       |       |       |       |       |    13 |    15 |       ||    28
Block: Shield            |    49 |    47 |       |       |       |       |       |       ||    96
